 Dungeon Crawl Stone Soup version 0.22-a0-417-g1387785 (webtiles) character file.

239 Borgoz the Chopper (level 5, -2/75 HPs)
             Began as a Deep Dwarf Berserker on May 14, 2018.
             Was a Believer of Trog.
             Splashed by Ijyb's acid (10 damage)
             ... on level 3 of the Dungeon.
             The game lasted 00:04:06 (1392 turns).

Borgoz the Chopper (Deep Dwarf Berserker)           Turns: 1392, Time: 00:04:07

Health: -2/75      AC:  6    Str: 25    XL:     5   Next: 79%
Magic:  5/5        EV:  8    Int:  8    God:    Trog [**....]
Gold:   79         SH:  0    Dex: 13    Spells: 4/4 levels left

rFire    . . .     SeeInvis .   a - +0 hand axe
rCold    . . .     Gourm    .   (no shield)
rNeg     . . .     Faith    .   d - +0 plate armour
rPois    .         Spirit   .   (no helmet)
rElec    .         Reflect  .   k - +1 cloak
rCorr    .         Harm     .   h - +0 pair of gloves
MR       .....     Rnd*Tele +   (no boots)
Stlth    ..........             (no amulet)
HPRegen  0.00/turn              e - ring of flight
MPRegen  0.09/turn              l - ring of teleportation (curse)

@: berserking, corroded, non-regenerating, very quick
A: damage resistance, heal wounds, sense surroundings 1, no regeneration
a: Heal Wounds, Berserk, Trog's Hand, Renounce Religion, Evoke Flight


You were on level 3 of the Dungeon.
You worshipped Trog.
Trog was pleased with you.
You were near starving.

You visited 1 branch of the dungeon, and saw 3 of its levels.

You collected 79 gold pieces.

Inventory:

Hand Weapons
 a - a +0 hand axe (weapon)
Missiles
 g - a throwing net (quivered)
Armour
 d - a +0 plate armour (worn)
 h - a +0 pair of gloves (worn)
 k - a +1 cloak (worn)
Jewellery
 e - a ring of flight (left hand)
 l - a cursed ring of teleportation (right hand)
Scrolls
 b - 2 scrolls of identify
Potions
 f - a potion of haste
 i - a potion of ambrosia
 j - a potion of flight
Comestibles
 c - 4 rations


   Skills:
 * Level 4.0 Fighting
 * Level 5.0 Axes
 + Level 3.3 Armour
 + Level 3.3 Dodging


You had 4 spell levels left.
You didn't know any spells.
Your spell library was empty.

Dungeon Overview and Level Annotations

Branches:
Dungeon (3/15)

Altars:

Annotations:
D:3 Ijyb


Innate Abilities, Weirdness & Mutations

You are resistant to damage.
You can heal yourself by infusing magical energy.
You passively map a small area around you.
You do not regenerate.


Message History

Ijyb shouts!
A quokka comes into view.
Ijyb hits you but does no damage.
Your plate armour prevents you from hitting Ijyb.
Ijyb barely misses you.
Your plate armour prevents you from hitting Ijyb.
Ijyb zaps a wand.
The bolt of acid hits you! The acid corrodes you!
You are splashed with acid!
The acid burns!
* * * LOW HITPOINT WARNING * * *
It is a wand of acid (4).
Unknown command.
A red film seems to cover your vision as you go berserk!
You feel yourself moving faster!
You feel mighty!
You are near starving!
Ijyb hits you but does no damage.
You completely miss Ijyb. Ijyb barely misses you.
You barely miss Ijyb.
Ijyb zaps a wand.
The bolt of acid hits you!
* * * LOW HITPOINT WARNING * * *
The acid corrodes you!
You are splashed with acid!
The acid burns!
You die...

#.# , * #.# *, #.# *
* #.#** *#### **
###.., , ,..# , ,,
,..r#* #.# ,
####g#######.## ,
#...@....†....### *
*,*#.##.#######....#
*,*#.# #....#.#
...........#.# , ,
...#####....#.# * *
.#### ##.#.#.# *#.*
....#.# * , #
#..###(# * , * #..#
#.#


You could see Ijyb and a quokka.

Vanquished Creatures
  Sigmund (D:2)
  Jessica (D:3)
  2 adders
  A dart slug (D:1)
  A leopard gecko (D:2)
  9 bats
  4 giant cockroaches
  A goblin (D:1)
  5 hobgoblins (D:1)
  3 frilled lizards
  4 kobolds
  4 rats
36 creatures vanquished.

Notes
Turn   | Place    | Note
-------+----------+-------------------------------------------
     0 | D:1      | Borgoz the Deep Dwarf Berserker began the quest for the Orb.
     0 | D:1      | Reached XP level 1. HP: 20/20 MP: 1/1
   154 | D:1      | Reached XP level 2. HP: 10/27 MP: 2/2
   689 | D:2      | Reached ** piety under Trog
   764 | D:2      | Noticed Sigmund
   776 | D:2      | Killed Sigmund
   776 | D:2      | Reached skill level 4 in Axes
   776 | D:2      | Reached XP level 3. HP: 36/36 MP: 3/3
   776 | D:2      | Reached XP level 4. HP: 44/44 MP: 4/4
   776 | D:2      | Reached XP level 5. HP: 50/50 MP: 5/5
  1341 | D:3      | Noticed Jessica
  1347 | D:3      | Killed Jessica
  1372 | D:3      | Reached skill level 5 in Axes
  1386 | D:3      | Noticed Ijyb
  1392 | D:3      | Splashed by Ijyb's acid

Vault maps used:
D:1:      tarquinn_simple_flora_water_a, minmay_tree_intersection
D:2:      first_ration, minivault_27, uniq_sigmund
D:3:      makhleb_grotto_becter, cheibrodos_sewer_entry_bend, uniq_ijyb,
          uniq_jessica, uniq_grinder, uniq_natasha

Skill      XL: |  1  2  3  4  5 |
---------------+----------------+-----
Fighting       | 3 4 |  4.0
Axes           | 4 5 |  5.0
Armour         | 3 |  3.3
Dodging        | 3 |  3.3

Action                   |  1- 3 |  4- 6 || total
-------------------------+-------+-------++-------
Melee: Hand axe          |    91 |    41 ||   132
Invok: Berserk           |     2 |     1 ||     3
 Abil: Heal Wounds       |     1 |       ||     1
  Use: Scroll            |     1 |     4 ||     5
  Eat: Chunk             |     1 |     2 ||     3
Armor: Animal skin       |    27 |     1 ||    28
       Plate armour      |       |    23 ||    23
Dodge: Dodged            |    84 |    20 ||   104

Table legend:
 A = Spawn XP
 B = Non-spawn XP
 C = Spawn XP percentage of total XP
 D = Spawn monster count
 E = Non-spawn monster count
 F = Spawn count percentage of total count
 G = Total turns spent on level
                    A         B        C        D         E        F      G
               +---------+---------+-------+---------+---------+-------+---------
         Total |       0 |     342 |   0.0 |       0 |      36 |   0.0 |  1392
               +---------+---------+-------+---------+---------+-------+---------
           D:1 |       0 |      32 |   0.0 |       0 |      18 |   0.0 |   667
           D:2 |       0 |     257 |   0.0 |       0 |      14 |   0.0 |   664
           D:3 |       0 |      53 |   0.0 |       0 |       4 |   0.0 |    61
               +---------+---------+-------+---------+---------+-------+---------
